 Dungeon Crawl Stone Soup version 0.30-a0-672-gc3a7216ad8 (webtiles) character file.

Game seed: 5156352111339605818

293 Leeroy the Slasher (level 6, 0/43 HPs)
             Began as a Djinni Warper on Jan 18, 2023.
             Slain by a scorpion (7 damage)
             ... on level 5 of the Dungeon.
             The game lasted 00:03:34 (3733 turns).

Leeroy the Slasher (Djinni Warper)                  Turns: 3733, Time: 00:03:35

Health: 0/43       AC:  4    Str: 10    XL:     6   Next: 60%
Gold:   223        EV: 12    Int: 15    God:
                   SH:  0    Dex: 14

rFire   + + .      SeeInvis .    a - +0 falchion
rCold   x . .      Faith    .    (no shield)
rNeg    . . .      Spirit   .    b - +0 leather armour
rPois   ∞          Reflect  .    (no helmet)
rElec   .          Harm     .    x - +0 cloak
rCorr   .          Rampage  .    (no gloves)
Will    .....                    (boots unavailable)
Stlth   +                        (no amulet)
HPRegen 0.27/turn                (no ring)
MPRegen 0.00/turn                (no ring)

@: on blink cooldown, flying
A: sickness immunity, fire resistance 2, cold vulnerability 1, float, innate
caster, HP casting, extra vitality 1
a: no special abilities


You were on level 5 of the Dungeon.
You visited 1 branch of the dungeon, and saw 5 of its levels.

You collected 223 gold pieces.

Inventory:

Hand Weapons
 a - a +0 falchion (weapon)
 u - a +2 sling of freezing
 A - a +0 rapier
Missiles
 d - 7 boomerangs of dispersal (quivered)
 i - a throwing net
 z - 2 poisoned darts
Armour
 b - a +0 leather armour (worn)
 x - a +0 cloak (worn)
Magical Staves
 s - a staff of poison
Wands
 w - a wand of polymorph (5)
 y - a wand of mindburst (18)
Scrolls
 c - 2 scrolls of blinking
 f - 6 scrolls of identify {unknown}
 g - 3 scrolls of enchant armour {unknown}
 j - 2 scrolls of amnesia {unknown}
 m - a scroll of brand weapon {unknown}
 n - 2 scrolls of teleportation {unknown}
 r - 2 scrolls of fear {unknown}
 t - a scroll of vulnerability {unknown}
Potions
 e - 2 potions of brilliance {unknown}
 h - a potion of curing {unknown}
 k - a potion of flight {unknown}
 l - 2 potions of heal wounds {unknown}
 o - 2 potions of mutation {unknown}
 p - a potion of ambrosia {unknown}
 q - a potion of haste {unknown}
 v - a potion of invisibility {unknown}


   Skills:
 - Level 2.0 Fighting
 + Level 5.9 Long Blades
 - Level 0.7 Throwing
 - Level 1.0 Armour
 - Level 2.1 Dodging
 - Level 2.4 Spellcasting


You couldn't memorise any spells.
You knew the following spells:

 Your Spells              Type           Power      Damage    Failure   Level
a - Blink                 Tloc           18%        N/A       16%         2
b - Lesser Beckoning      Tloc           18%        N/A       16%         2
c - Vhi's Electric Charg  Tloc/Air       18%        N/A       32%         3
d - Teleport Other        Tloc           9%         N/A       32%         3
e - Manifold Assault      Tloc           9%         N/A       71%         4
f - Apportation           Tloc           18%        N/A       11%         1
g - Static Discharge      Conj/Air       18%        2-3/arc   16%         2
Your spell library was empty.

Dungeon Overview and Level Annotations

Branches:
Dungeon (5/15)
 Temple: D:4-7

Altars:

Shops:
D:2 *

Annotations:
D:4 Edmund


Innate Abilities, Weirdness & Mutations

You are immune to sickness and miasma.
You are immune to poison.
Your flesh is very heat resistant. (rF++)
You are vulnerable to cold. (rC-)
You float through the air rather than walking.
You learn spells naturally, not from books.
Your magical power is your life essence.
You have superior vitality. (+4 MHP)


Message History

You completely miss the scorpion. The scorpion stings you.
The scorpion barely misses you.
You closely miss the scorpion. The scorpion stings you.
You closely miss the scorpion. The scorpion stings you.
You hit the scorpion.
The scorpion is lightly wounded.
The scorpion stings you but does no damage.
You closely miss the scorpion.
The scorpion is lightly wounded.
The scorpion stings you.
You closely miss the scorpion. The scorpion stings you.
The scorpion barely misses you.
You hit the scorpion but do no damage. The scorpion closely misses you.
You closely miss the scorpion. The scorpion barely misses you.
You barely miss the scorpion.
The scorpion stings you but does no damage.
You hit the scorpion.
The scorpion is moderately wounded.
The scorpion barely misses you.
You hit the scorpion.
The scorpion is moderately wounded.
The scorpion stings you but does no damage.
The scorpion stings you.
You closely miss the scorpion.
The scorpion is moderately wounded.
The scorpion barely misses you.
You hit the scorpion but do no damage.
The scorpion is moderately wounded.
The scorpion stings you.
* * * LOW HITPOINT WARNING * * *
You hit the scorpion.
The scorpion is heavily wounded.
The scorpion stings you.
* * * LOW HITPOINT WARNING * * *
Casting: Blink (safe; 16% risk of failure)
Confirm with . or Enter, or press ? or * to list all spells.
You blink.
Found 5 gold pieces.
* * * LOW HITPOINT WARNING * * *
The scorpion attacks as you move away! The scorpion stings you!
You die...

....######...##.###.........#
....# #...##.# #......##.#
.#### #...##.# #......##.# .#
######.# ##.##..#### .# ###.#
#.##..# .# #...####..#..#
.##### #$...........#
.....########...######.#.#
.........#......@s.......#
.....###.#.###########.###
.....# #.# #... .....# #.#
###... .....# #.# ...# .....#
#.# .#.. ###### #.# #. . #.#
.. #.#


You could see a scorpion.

Vanquished Creatures
  A phantom (D:5)
  A howler monkey (D:4)
  A hound (D:5)
  A jelly (D:5)
  3 adders
  An ufetubus (D:4)
  2 worms
  A dart slug (D:2)
  4 orcs (D:5)
  6 ball pythons
  8 bats
  8 endoplasms
  6 giant cockroaches
  5 goblins
  4 hobgoblins
  3 jackals (D:1)
  9 kobolds
  A quokka (D:1)
  2 frilled lizards (D:2)
  5 rats
72 creatures vanquished.

Notes
Turn   | Place    | Note
-------+----------+-------------------------------------------
     0 | D:1      | Leeroy the Djinni Warper began the quest for the Orb.
     0 | D:1      | Leeroy set off with the following spells memorised: Blink,
                  | Lesser Beckoning, Vhi's Electric Charge, Teleport Other,
                  | Manifold Assault.
     0 | D:1      | Reached XP level 1. HP: 18/18 MP: 0/0
    20 | D:1      | Reached skill level 2 in Long Blades
   133 | D:1      | Reached XP level 2. HP: 23/23 MP: 0/0
   403 | D:1      | Reached skill level 3 in Long Blades
   403 | D:1      | Reached XP level 3. HP: 25/28 MP: 0/0
   403 | D:1      | Learned a level 1 spell: Apportation
   942 | D:2      | Found Qoxaid's Assorted Antiques.
  1168 | D:2      | Reached XP level 4. HP: 33/33 MP: 0/0
  1750 | D:3      | Reached skill level 4 in Long Blades
  2581 | D:4      | Noticed Edmund
  2646 | D:3      | Reached XP level 5. HP: 35/38 MP: 0/0
  2646 | D:3      | Learned a level 2 spell: Static Discharge
  2803 | D:5      | Entered Level 5 of the Dungeon
  2820 | D:5      | Reached skill level 5 in Long Blades
  3010 | D:5      | Noticed a phantom
  3051 | D:5      | Killed a phantom
  3052 | D:5      | Reached XP level 6. HP: 15/43 MP: 0/0
  3733 | D:5      | Slain by a scorpion

Illustrated notes

Levels and vault maps discovered:
D:1:      wander_arrival_peaceful_grave, layout_basic, minmay_tiny_reverse_x
D:2:      layout_loops_ring, serial_shops, nicolae_shop_statue_plus
D:3:      layout_basic
D:4:      layout_loops_ring, grunt_gozag_statues, uniq_edmund, uniq_robin
D:5:      layout_basic, hangedman_abyss_or_decor_jellyfish_corner, st_stairs_14,
          chequers_decorated_corner

Skill      XL: |  1  2  3  4  5 |
---------------+----------------+-----
Long Blades    | 2 3 4 5 |  5.9
Fighting       | |  2.0
Throwing       | |  0.7
Armour         | |  1.0
Dodging        | |  2.1
Spellcasting   | |  2.4

Action                   |  1- 3 |  4- 6 || total
-------------------------+-------+-------++-------
Melee: Falchion          |   103 |   203 ||   306
       Punch             |       |     2 ||     2
 Cast: Blink             |       |     2 ||     2
 Stab: Sleeping          |     2 |     2 ||     4
Armor: Leather armour    |    43 |    62 ||   105
Dodge: Dodged            |    73 |   147 ||   220

Table legend: (Time is in decaauts)
 A = Elapsed time spent in this place.
 B = Non-inter-level travel time spent in this place.
 C = Inter-level travel time spent in this place.
 D = Time resting spent in this place.
 E = Time spent auto-exploring this place.
 F = Levels seen in this place.
 G = Mean time per level.
                   A        B        C        D        E       F      G
               +--------+--------+--------+--------+--------+-----+--------+
         Total |   3762 |   3656 |    106 |    144 |   2800 |   5 |  752.4 |
       Dungeon |   3762 |   3656 |    106 |    144 |   2800 |   5 |  752.4 |
               +--------+--------+--------+--------+--------+-----+--------+

Top non-repeatable levels by time:
     D:3: 987 daAuts
     D:5: 933 daAuts
     D:1: 923 daAuts
     D:2: 675 daAuts
     D:4: 242 daAuts
